 Dungeon Crawl Stone Soup version 0.18.1-6-gd335043 (webtiles) character file.

25 MenacingMecha the Firebug (level 2, -3/15 HPs)
             Began as a Deep Elf Fire Elementalist on May 19, 2016.
             Slain by a hobgoblin
             ... wielding a +0 club
              (4 damage)
             ... on level 1 of the Dungeon.
             The game lasted 00:03:12 (965 turns).

MenacingMecha the Firebug (DEFE)                     Turns: 965, Time: 00:03:13

Health: -3/15      AC:  2    Str:  5    XL:     2   Next: 86%
Magic:  2/8        EV: 13    Int: 19    God:
Gold:   71         SH:  0    Dex: 15    Spells: 2 memorised, 5 levels left

rFire  . . .     SeeInvis .     f - +0 hand axe
rCold  . . .     Gourm    .     a - +0 robe
rNeg   . . .     Faith    .     (no shield)
rPois  .         Spirit   .     (no helmet)
rElec  .         Dismiss  .     (no cloak)
rCorr  .         Reflect  .     (no gloves)
SustAt .         Harm     .     (no boots)
MR     .....                    (no amulet)
Stlth  ++........               (no ring)
                                (no ring)

@: not resistant to hostile enchantments, unstealthy
A: no striking features
a: no special abilities


You were on level 1 of the Dungeon.
You were not hungry.

You visited 1 branch of the dungeon, and saw 1 of its levels.

You collected 71 gold pieces.

Inventory:

Hand Weapons
 f - a +0 hand axe (weapon)
   (You found it on level 1 of the Dungeon)
Armour
 a - a +0 robe (worn)
Scrolls
 e - a scroll of recharging {unknown}
Potions
 d - a potion of curing {unknown}
Books
 b - a book of Flames
Comestibles
 c - a bread ration
 g - a chunk of flesh


   Skills:
 - Level 2.4 Dodging
 - Level 2.4 Stealth
 + Level 3.6 Spellcasting
 + Level 1.3 Conjurations
 + Level 4.1 Fire Magic


You had 5 spell levels left.
You knew the following spells:

 Your Spells              Type           Power        Failure   Level  Hunger
a - Flame Tongue          Conj/Fire      ##...        6%          1    None
x - Throw Flame           Conj/Fire      ##....       10%         2    ##.....


Dungeon Overview and Level Annotations

Branches:
Dungeon (1/15)

Altars:


Message History

Confirm with . or Enter, or press ? or * to list all spells.
Aiming: Flame Tongue
Press: ? - help, Shift-Dir - straight line, f - bat
Aim: a bat The flame tongue hits the bat.
The bat appears unharmed.
The bat closely misses you.
You barely miss the bat. The bat hits you but does no damage.
Casting: Flame Tongue
Confirm with . or Enter, or press ? or * to list all spells.
Aiming: Flame Tongue
Press: ? - help, Shift-Dir - straight line, f/p - bat
Aim: a bat The flame tongue hits the bat.
You kill the bat!
You see here a bat corpse.
You butcher the bat corpse.
g - 5 chunks of flesh (gained 1)
A rat comes into view.
A rat is nearby!
Casting: Flame Tongue
Confirm with . or Enter, or press ? or * to list all spells.
You can't see any susceptible monsters within range! (Use Z to cast anyway.) Unknown command.
Casting: Flame Tongue
Confirm with . or Enter, or press ? or * to list all spells.
You can't see any susceptible monsters within range! (Use Z to cast anyway.) Unknown command.
Casting: Flame Tongue
Confirm with . or Enter, or press ? or * to list all spells.
Aiming: Throw Flame
Press: ? - help, Shift-Dir - straight line, f - rat
Aim: a rat The puff of flame hits the rat.
You kill the rat!
You start resting.
Magic restored.
You now have 71 gold pieces (gained 13).
Save game and exit?
Welcome back, MenacingMecha the Deep Elf Fire Elementalist.
Press ? for a list of commands and other information.
You open the door.
There is an open door here.
Some of the chunks of flesh in your inventory have rotted away.
A hobgoblin comes into view.
The hobgoblin shouts!
You hit the hobgoblin.
The hobgoblin is lightly wounded.
You hear a shout!
The hobgoblin completely misses you.
You closely miss the hobgoblin.
The hobgoblin is lightly wounded.
The hobgoblin hits you.
You hit the hobgoblin but do no damage. The hobgoblin hits you. x2
You closely miss the hobgoblin. The hobgoblin closely misses you.
You hit the hobgoblin but do no damage. The hobgoblin hits you.
* * * LOW HITPOINT WARNING * * *
Cast which spell? (? or * to list)
Aiming: Flame Tongue
Press: ? - help, Shift-Dir - straight line, f - hobgoblin
Aim: a hobgoblin The flame tongue hits the hobgoblin.
The hobgoblin appears unharmed.
The hobgoblin barely misses you.
A hobgoblin comes into view. It is wielding a club.
Casting: Flame Tongue
Confirm with . or Enter, or press ? or * to list all spells.
Aiming: Flame Tongue
Press: ? - help, Shift-Dir - straight line, f/p - hobgoblin
Aim: a hobgoblin The flame tongue misses the hobgoblin.
The hobgoblin closely misses you.
Casting: Flame Tongue
Confirm with . or Enter, or press ? or * to list all spells.
Aiming: Flame Tongue
Press: ? - help, Shift-Dir - straight line, f/p - hobgoblin
Aim: a hobgoblin The flame tongue hits the hobgoblin.
The hobgoblin appears unharmed.
The hobgoblin hits you.
* * * LOW HITPOINT WARNING * * *
Casting: Flame Tongue
Confirm with . or Enter, or press ? or * to list all spells.
Aiming: Flame Tongue
Press: ? - help, Shift-Dir - straight line, f/p - hobgoblin
Aim: a hobgoblin The flame tongue hits the hobgoblin.
You kill the hobgoblin!
Casting: Flame Tongue
Confirm with . or Enter, or press ? or * to list all spells.
Aiming: Flame Tongue
Press: ? - help, Shift-Dir - straight line, f - hobgoblin
Aim: a hobgoblin, wielding a club The flame tongue misses the hobgoblin.
The hobgoblin misses you.
Some of the chunks of flesh in your inventory have rotted away.
Casting: Flame Tongue
Confirm with . or Enter, or press ? or * to list all spells.
Aiming: Flame Tongue
Press: ? - help, Shift-Dir - straight line, f/p - hobgoblin
Aim: a hobgoblin, wielding a club The flame tongue hits the hobgoblin.
The hobgoblin is heavily wounded.
The hobgoblin hits you with a club.
You die...

#.#..###.#..
#.#......#.#(...#
#.#.######.# ...#
#.#........# ...# # #
#.########.# ..# # .##
# #.# #.# ..#.#.... .
# #.# #.####.#......
.. #.# #...........#
...# #.# #####.@g....+
... #.#########
#.#†....# ..#
#.#.......####.#.....#
#.'............#.....#
###.......######...).#
#.......# .....#
#.......# .....#
#.......### ######
#.........#


You could see a hobgoblin.

Vanquished Creatures
  A dart slug (D:1)
  A giant gecko (D:1)
  3 giant cockroaches (D:1)
  A goblin (D:1)
  4 hobgoblins (D:1)
  4 jackals (D:1)
  2 bats (D:1)
  2 kobolds (D:1)
  2 rats (D:1)
20 creatures vanquished.

Notes
Turn   | Place    | Note
--------------------------------------------------------------
     0 | D:1      | MenacingMecha the Deep Elf Fire Elementalist began the quest for the Orb.
     0 | D:1      | Reached XP level 1. HP: 10/10 MP: 6/6
   210 | D:1      | Reached XP level 2. HP: 15/15 MP: 4/8
   317 | D:1      | Learned a level 2 spell: Throw Flame
   533 | D:1      | Reached skill level 4 in Fire Magic
   962 | D:1      | HP: 1/15 [hobgoblin (3)]
   965 | D:1      | Slain by a hobgoblin

Skill      XL: |  1  2 |
---------------+-------+-----
Fire Magic     | 4 |  4.1
Dodging        | |  2.4
Stealth        | |  2.4
Spellcasting   | |  3.6
Conjurations   | |  1.3

Action                   || total
-------------------------++-------
Melee: Club              ||    18
       Hand axe          ||    12
 Cast: Flame Tongue      ||    33
       Throw Flame       ||     4
Armor: Robe              ||    15
Dodge: Dodged            ||    37

Vault maps used:
D:1:      dpeg_arrival_tiny_a

Table legend:
 A = Turns spent in this place as a percentage of turns spent in the entire game.
 B = Non-inter-level travel turns spent in this place as a percentage of non-inter-level travel turns spent in the entire game.
 C = Inter-level travel turns spent in this place as a percentage of turns spent in this place.
 D = Turns resting spent in this place as a percentage of non-inter-level travel turns spent in this place.
 E = Turns spent auto-exploring this place as a percentage of non-inter-level travel turns spent in this place.
 F = Non-inter-level travel turns spent in this place divided by the number of levels of this place that you've seen.
                   A       B       C       D       E      F
               +-------+-------+-------+-------+-------+----------------------
         Total | 100.0 | 100.0 |   0.3 |   9.9 |   0.9 | 342.0
       Dungeon | 100.0 | 100.0 |   0.3 |   9.9 |   0.9 | 342.0
               +-------+-------+-------+-------+-------+----------------------

Table legend:
 A = Kills in this place as a percentage of kills in entire the game.
 B = Kills by you in this place as a percentage of kills by you in the entire game.
 C = Kills by friends in this place as a percentage of kills by friends in the entire game.
 D = Other kills in this place as a percentage of other kills in the entire game.
 E = Experience gained in this place as a percentage of experience gained in the entire game.
 F = Experience gained in this place divided by the number of levels of this place that you have seen.
                   A       B       C       D       E      F
               +-------+-------+-------+-------+-------+----------------------
         Total | 100.0 | 100.0 |  -nan |  -nan | 100.0 |  37.0
       Dungeon | 100.0 | 100.0 |  -nan |  -nan | 100.0 |  37.0
               +-------+-------+-------+-------+-------+----------------------
